 Dungeon Crawl Stone Soup version 0.27-a0-1287-gca74d27db6 (webtiles) character file.

Game seed: 11385034048732259179

4938 deletemesenpai the Cleaver (level 10, -3/84 HPs)
             Began as a Hill Orc Fighter on June 15, 2021.
             Was a Priest of Beogh.
             Killed by divine providence
             ... invoked by a smoke demon
             ... summoned by a kobold demonologist
              (14 damage)
             ... on level 9 of the Dungeon.
             The game lasted 00:37:50 (12003 turns).

deletemesenpai the Cleaver (Hill Orc Fighter)      Turns: 12003, Time: 00:37:51

Health: -3/84      AC:  8    Str: 22    XL:     10   Next: 52%
Magic:  13/13      EV: 22    Int:  8    God:    Beogh [***...]
Gold:   336        SH: 11    Dex: 11    Spells: 9/9 levels left

rFire    + + .     SeeInvis .   v - +0 hand axe (flame)
rCold    . . .     Faith    .   c - +0 kite shield
rNeg     . . .     Spirit   .   C - +0 chain mail
rPois    +         Reflect  .   (no helmet)
rElec    +         Harm     .   (no cloak)
rCorr    +         Rampage  .   r - +0 pair of gloves
Will     .....                  (no boots)
Stlth    ..........             o - amulet of the acrobat
HPRegen  0.24/turn              j - ring of fire
MPRegen  0.13/turn              (no ring)

@: resistant, corroded, acrobatic
A: no striking features
a: Renounce Religion, Smiting


You were on level 9 of the Dungeon.
You worshipped Beogh.
Beogh was most pleased with you.
You visited 1 branch of the dungeon, and saw 9 of its levels.

You collected 396 gold pieces.
You spent 60 gold pieces at shops.

Inventory:

Hand Weapons
 v - a +0 hand axe of flaming (weapon)
 x - a +1 antimagic trident
 y - a +0 flail of protection
 I - a +0 trident of freezing
Missiles
 d - 3 boomerangs
 z - 3 curare-tipped darts
 A - 28 poisoned darts (quivered)
 E - 2 silver boomerangs
Armour
 c - a +0 kite shield (worn)
 r - a +0 pair of gloves (worn)
 C - a +0 chain mail (worn)
Magical Staves
 D - a staff of conjuration
Jewellery
 b - a ring of magical power
 j - a ring of fire (left hand)
 o - an amulet of the acrobat (around neck)
 u - the amulet of Seadi {RegenMP rPois Regen+ Str-4 Dex+2}
   (You found it on level 7 of the Dungeon)

   [amulet of magic regeneration]

   It increases your rate of magic regeneration.
   It affects your strength (-4).
   It affects your dexterity (+2).
   It protects you from poison.
   It increases your rate of health regeneration.
Wands
 l - a wand of flame (5)
 m - a wand of acid (2)
 G - a wand of iceblast (6)
Scrolls
 a - 2 scrolls of identify
 e - a scroll of summoning {unknown}
 g - 2 scrolls of teleportation
 i - 2 scrolls of blinking {unknown}
 t - 2 scrolls of enchant weapon
 F - a scroll of immolation {unknown}
Potions
 h - a potion of resistance
 k - a potion of attraction {unknown}
 n - 3 potions of mutation
 p - a potion of might
 q - a potion of lignification {unknown}
 s - a potion of flight {unknown}
 w - a potion of brilliance {unknown}
 B - 2 potions of haste


   Skills:
 + Level 6.5 Fighting
 - Level 11.8(12.0) Axes
 + Level 1.7(6.6) Maces & Flails
 + Level 1.8(6.6) Polearms
 + Level 0.2 Throwing
 + Level 7.6 Armour
 - Level 1.0 Dodging
 * Level 8.9 Shields
 - Level 4.0 Invocations
 + Level 3.3 Evocations


You had 9 spell levels left.
You didn't know any spells.
Your spell library contained the following spells:

 Spells                   Type           Power      Damage    Failure   Level
 Beastly Appendage        Tmut           0%         N/A       100%        1
 Foxfire                  Conj/Fire      0%         2x1d4     100%        1
 Poisonous Vapours        Pois/Air       0%         N/A       100%        2
 Static Discharge         Conj/Air       0%         N/A       100%        2
 Wereblood                Tmut           0%         N/A       100%        2
 Conjure Flame            Conj/Fire      0%         6-21      100%        3
 Mephitic Cloud           Conj/Pois/Air  0%         N/A       100%        3
 Spider Form              Tmut/Pois      0%         N/A       100%        3
 Fulminant Prism          Conj/Hex       0%         3d6       100%        4
 Ice Form                 Ice/Tmut       0%         N/A       100%        4
 Freezing Cloud           Conj/Ice/Air   0%         6-21      100%        5
 Death Channel            Necr           0%         N/A       100%        6
 Spellforged Servitor     Conj/Summ      0%         N/A       100%        7


Dungeon Overview and Level Annotations

Branches:
Dungeon (9/15)             Temple (0/1) D:6            Lair (0/6) D:8
    Orc: D:9-12

Altars:
Ashenzari
Elyvilon
Fedhas
Gozag
Hepliaklqana
Kikubaaqudgha
Qazlal
Trog
Uskayaw
Vehumet
Wu Jian
Zin
The Shining One

Shops:
D:4 ?*


Message History

The iceblast engulfs the kobold demonologist.
The kobold demonologist is heavily wounded.
The iceblast engulfs the shadow imp!
The shadow imp partially resists.
You kill the shadow imp!
The iceblast engulfs the shadow imp!
The shadow imp partially resists.
You kill the shadow imp!
The kobold demonologist mumbles some strange words.
The crimson imp blinks!
Your magical contamination has completely faded away.
The shadow imp gestures at you. Pain shoots through your body!
* * * LOW HITPOINT WARNING * * *
The shadow imp gestures at you.
You struggle to resist.
You feel protected.
The kobold demonologist mumbles some strange words.
The shadow imp picks up a beetle and eats it.
You barely miss the rust devil. You hit the shadow imp.
You burn the shadow imp.
You feel a little less mighty now.
The kobold demonologist miscasts a cantrip.
You barely miss the rust devil.
You hit the shadow imp but do no damage.
You block the rust devil's attack. You block the shadow imp's attack.
The kobold demonologist looks braver for a moment.
You hit the rust devil but do no damage.
You hit the shadow imp but do no damage.
You block the shadow imp's attack. The rust devil hits you.
The rust devil corrodes you!
The shadow imp disappears for a moment.
The kobold demonologist looks satisfied for a moment.
The kobold demonologist casts a spell.
You hit the shadow imp but do no damage.
The shadow imp is severely wounded.
You closely miss the rust devil. You block the rust devil's attack.
The shadow imp hits you but does no damage.
The smoke demon gestures at you. Something smites you!
You die...

#.##########.#
#.........§..#
#.K...K).5.#.#
#K.#######.#.# #35#
..#K# #5K# #..#K#
#54######..#.#
#######..........#K#
.......@.#.......#.#
......#.##.#.(#.##.#####
..###.... ..........K.#
###.## ......#.###K# ...
.....)#.#.#.# #.#
....#K.))5#K# #.#
..#####.#K#K# #.# .
...#†#.# ###.#.#K#


You could see a rust devil (summoned), a kobold demonologist, a smoke demon
(summoned), a quasit (summoned), 2 shadow imps and 2 kobolds.

Vanquished Creatures
  Psyche (D:8)
  A troll (D:5)
  A hornet (D:8)
  Prince Ribbit (D:6)
  Sigmund (D:5)
  2 yaks (D:8)
  Edmund (D:6)
  An orc warrior (D:6)
  A black bear (D:6)
  2 necrophages
  An ice beast (D:8)
  A sky beast (D:5)
  2 ogres
  2 centaurs (D:8)
  7 kobold brigands
  A gnoll sergeant (D:8)
  3 bullfrogs
  A water moccasin zombie (D:5)
  11 killer bees
  2 centaur zombies
  A jelly (D:4)
  3 centaur skeletons
  2 gnoll shamans
  3 hounds
  3 orc priests
  A bullfrog skeleton (D:7)
  An orc wizard (D:8)
  3 iguanas
  A hound zombie (D:3)
  9 gnolls
  8 adders
  A shadow imp (D:7)
  An adder skeleton (D:4)
  2 worms (D:3)
  3 dart slugs
  30 orcs
  6 ball pythons
  14 bats
  3 endoplasms
  4 giant cockroaches
  4 goblins
  7 hobgoblins
  5 jackals
  26 kobolds
  4 quokkas
  3 frilled lizards
  10 rats
201 creatures vanquished.

Vanquished Creatures (collateral kills)
  The ghost of robertstho the Protected, a novice MiBe of Trog (D:9)
  A killer bee (D:9)
2 creatures vanquished.

Vanquished Creatures (others)
  An orc warrior (D:9)
  An orc (D:3)
  A rat (D:3)
  A fungus (D:3)
  A plant (D:3)
5 creatures vanquished.

Grand Total: 208 creatures vanquished

Notes
Turn   | Place    | Note
-------+----------+-------------------------------------------
     0 | D:1      | deletemesenpai the Hill Orc Fighter began the quest for the
                  | Orb.
     0 | D:1      | Reached XP level 1. HP: 19/19 MP: 1/1
   338 | D:1      | Reached XP level 2. HP: 20/27 MP: 2/2
   458 | D:1      | Reached skill level 3 in Axes
  1230 | D:2      | Reached XP level 3. HP: 33/33 MP: 3/3
  1294 | D:2      | Found a stormy altar of Qazlal.
  1572 | D:2      | Reached skill level 4 in Axes
  2090 | D:3      | Became a worshipper of Beogh the Brigand
  2094 | D:3      | Reached XP level 4. HP: 37/40 MP: 4/4
  2238 | D:3      | Found a stormy altar of Qazlal.
  2244 | D:3      | Found a blossoming altar of Fedhas.
  2267 | D:3      | Reached XP level 5. HP: 40/46 MP: 5/5
  2411 | D:3      | Reached skill level 5 in Axes
  3362 | D:3      | Found a faded altar of an unknown god.
  3543 | D:4      | Noticed an ogre
  3642 | D:3      | Reached skill level 1 in Dodging
  3875 | D:3      | Killed an ogre
  3876 | D:3      | Reached XP level 6. HP: 30/53 MP: 6/6
  4181 | D:4      | Found Piefi's Assorted Antiques.
  4193 | D:4      | Found Pedd's Magic Scroll Emporium.
  4209 | D:4      | Bought a scroll of identify for 24 gold pieces
  4209 | D:4      | Bought a scroll of teleportation for 36 gold pieces
  4246 | D:4      | Reached skill level 6 in Axes
  4631 | D:5      | Entered Level 5 of the Dungeon
  4654 | D:5      | Noticed Sigmund
  4661 | D:5      | Killed Sigmund
  4662 | D:5      | Reached skill level 1 in Maces & Flails
  4662 | D:5      | Reached skill level 1 in Polearms
  4662 | D:5      | Reached XP level 7. HP: 60/60 MP: 7/7
  4791 | D:5      | Reached skill level 5 in Armour
  4903 | D:5      | Reached * piety under Beogh
  5138 | D:5      | Found a white marble altar of Elyvilon.
  5138 | D:5      | Found a glowing golden altar of the Shining One.
  5138 | D:5      | Found a glowing silver altar of Zin.
  5369 | D:5      | Noticed a troll
  5393 | D:5      | Killed a troll
  5394 | D:5      | Reached skill level 7 in Axes
  5394 | D:5      | Reached skill level 1 in Evocations
  5394 | D:5      | Reached XP level 8. HP: 67/67 MP: 8/8
  5441 | D:5      | Reached skill level 5 in Shields
  5768 | D:5      | Reached skill level 8 in Axes
  6563 | D:6      | Reached skill level 9 in Axes
  6836 | D:6      | Found a staircase to the Ecumenical Temple.
  6841 | D:6      | Noticed Prince Ribbit
  6860 | D:6      | Killed Prince Ribbit
  6861 | D:6      | Reached skill level 5 in Fighting
  6861 | D:6      | Reached XP level 9. HP: 48/74 MP: 9/9
  7223 | D:6      | Found an ancient bone altar of Kikubaaqudgha.
  7223 | D:6      | Found a broken altar of Ashenzari.
  7392 | D:6      | Noticed Edmund
  7422 | D:6      | Killed Edmund
  7844 | D:6      | Reached ** piety under Beogh
  8480 | D:7      | Identified the amulet of Seadi {RegenMP rPois Regen+ Str-4
                  | Dex+2}
  9166 | D:8      | Reached skill level 1 in Invocations
  9259 | D:8      | Reached skill level 10 in Axes
  9739 | D:8      | Found a staircase to the Lair.
  9785 | D:8      | Reached *** piety under Beogh
  9879 | D:8      | Noticed Psyche
  9921 | D:8      | Killed Psyche
 10428 | D:8      | Noticed a hornet
 10428 | D:8      | Paralysed by a hornet for 1 turns
 10433 | D:8      | Killed a hornet
 10434 | D:8      | Reached XP level 10. HP: 58/83 MP: 12/12
 10644 | D:8      | Reached skill level 11 in Axes
 11378 | D:9      | Found a hazy altar of Hepliaklqana.
 11378 | D:9      | Found a radiant altar of Vehumet.
 11379 | D:9      | Found an ornate altar of the Wu Jian Council.
 11430 | D:9      | Found an opulent altar of Gozag.
 11430 | D:9      | Found a bloodstained altar of Trog.
 11431 | D:9      | Found a hide-covered altar of Uskayaw.
 11499 | D:9      | Noticed robertstho's ghost (novice MiBe)
 11500 | D:9      | Found a runed translucent door.
 11521 | D:9      | Killed robertstho's ghost
 11894 | D:9      | Identified the Almanac of Arcane Weapons and Unholy Secrets
 11928 | D:9      | Noticed a kobold demonologist
 11997 | D:9      | Noticed a rust devil
 12002 | D:9      | Noticed a smoke demon
 12003 | D:9      | Killed from afar by a smoke demon

Illustrated notes

Levels and vault maps discovered:
D:1:      lightli_arrival_quake, layout_basic
D:2:      layout_basic, basic_altar
D:3:      cheibrodos_pilgrimage, layout_loops_corners,
          grunt_temple_overflow_forces_of_nature,
          shapermc_ecumenical_altar_notcrosses, grunt_ministairs_10,
          minmay_fractal_squares_gapless_5
D:4:      layout_rooms, serial_shops, kennysheep_mini, nicolae_shop_trees,
          chequers_mini_garden
D:5:      layout_loops_corners, good_gods_mini_temple, uniq_sigmund
D:6:      layout_basic, minitemple, minmay_temple_entry_slanted,
          roderic_batcave, uniq_edmund, uniq_prince_ribbit1
D:7:      layout_loops_corners
D:8:      minmay_octagon_keep, layout_loops_ring, dpeg_oklobed_lair, uniq_psyche
D:9:      layout_basic, grunt_temple_overflow_open, gammafunk_ghost_grave

Skill      XL: |  1  2  3  4  5  6  7  8  9 10 |
---------------+-------------------------------+-----
Axes           | 3 4 5 6 7 9 10 11 | 11.8
Fighting       | 4 5 6 |  6.5
Armour         | 4 5 6 7 |  7.6
Dodging        | 1 |  1.0
Shields        | 4 6 8 |  8.9
Maces & Flails | 1 |  1.7
Polearms       | 1 |  1.8
Evocations     | 1 2 3 |  3.3
Invocations    | 3 4 |  4.0
Throwing       | |  0.2

Action                   |  1- 3 |  4- 6 |  7- 9 | 10-12 || total
-------------------------+-------+-------+-------+-------++-------
Melee: War axe           |    95 |   102 |    36 |       ||   233
       Hand axe          |       |       |   414 |   132 ||   546
       Unarmed           |       |       |     8 |       ||     8
Throw: Dart              |       |       |     2 |       ||     2
Invok: Convert to Beogh  |     1 |       |       |       ||     1
Evoke: Wand              |       |    13 |    24 |    13 ||    50
  Use: Potion            |       |     4 |     7 |     4 ||    15
       Scroll            |       |     2 |     2 |       ||     4
Armor: Scale mail        |    45 |    64 |    57 |       ||   166
       Chain mail        |       |       |   155 |    49 ||   204
       Skin              |       |       |     7 |       ||     7
Dodge: Dodged            |    32 |    44 |   143 |    39 ||   258
Block: Kite shield       |    51 |    65 |   260 |    73 ||   449

Table legend: (Time is in decaauts)
 A = Elapsed time spent in this place.
 B = Non-inter-level travel time spent in this place.
 C = Inter-level travel time spent in this place.
 D = Time resting spent in this place.
 E = Time spent auto-exploring this place.
 F = Levels seen in this place.
 G = Mean time per level.
                   A        B        C        D        E       F      G
               +--------+--------+--------+--------+--------+-----+--------+
         Total |  12102 |  11904 |    198 |   4175 |   5172 |   9 | 1344.7 |
       Dungeon |  12102 |  11904 |    198 |   4175 |   5172 |   9 | 1344.7 |
               +--------+--------+--------+--------+--------+-----+--------+

Top non-repeatable levels by time:
     D:8: 2093 daAuts
     D:6: 1931 daAuts
     D:3: 1910 daAuts
     D:5: 1681 daAuts
     D:1: 1210 daAuts
     D:2: 931 daAuts
     D:7: 896 daAuts
     D:9: 767 daAuts
     D:4: 680 daAuts
